 Dungeon Crawl Stone Soup version 0.21.1-1-g345015f (webtiles) character file.

174 gerrrit the Cudgeler (level 5, 0/47 HPs)
             Began as an Ogre Gladiator on Apr 2, 2018.
             Succumbed to an adder's poison
             ... on level 3 of the Dungeon.
             The game lasted 00:14:42 (3652 turns).

gerrrit the Cudgeler (Ogre Gladiator)               Turns: 3652, Time: 00:14:42

Health: 0/47       AC:  3    Str: 19    XL:     5   Next: 54%
Magic:  5/5        EV: 11    Int:  9    God:
Gold:   102        SH:  0    Dex: 10    Spells: 4/4 levels left

rFire    + . .     SeeInvis .   a - +1 flail
rCold    + . .     Gourm    .   (no shield)
rNeg     . . .     Faith    .   b - +0 robe
rPois    .         Spirit   .   c - +0 hat
rElec    .         Reflect  .   (no cloak)
rCorr    .         Harm     .   (gloves unavailable)
MR       .....                  (boots unavailable)
Stlth    +.........             (no amulet)
HPRegen  0.15/turn              (no ring)
MPRegen  0.09/turn              (no ring)

@: lethally poisoned (0 -> -4)
A: large, unfitting armour, antennae 1, cold resistance 1, fire resistance 1,
frail 1, tough skin 1
a: no special abilities


You were on level 3 of the Dungeon.
You were not hungry.

You visited 1 branch of the dungeon, and saw 3 of its levels.

You collected 102 gold pieces.

Inventory:

Hand Weapons
 a - a +1 flail (weapon)
Missiles
 e - 4 tomahawks of returning (quivered)
 j - 7 curare-tipped needles
 k - 8 javelins
 m - 33 poisoned needles
Armour
 b - a +0 robe (worn)
 c - a +0 hat (worn)
 p - a +0 pair of boots
Jewellery
 d - a +3 ring of evasion {unknown}
 g - an uncursed amulet of the gourmand {unknown}
Scrolls
 h - a scroll of noise {unknown}
 i - a scroll of teleportation
 l - 2 scrolls of identify
Potions
 n - a potion of curing
 q - a potion of haste {unknown}
Comestibles
 f - a ration
 o - a chunk of flesh


   Skills:
 + Level 3.5 Fighting
 + Level 4.1 Maces & Flails
 + Level 2.6 Throwing
 + Level 3.4 Dodging
 + Level 1.2 Stealth


You had 4 spell levels left.
You didn't know any spells.

Dungeon Overview and Level Annotations

Branches:
Dungeon (3/15)

Altars:


Innate Abilities, Weirdness & Mutations

You are too large for most types of armour.
You have tough skin. (AC +1)
You have a pair of small antennae on your head.
Your flesh is cold resistant. (rC+)
Your flesh is heat resistant. (rF+)
You are frail. (-10% HP)


Message History

You kill the goblin!
* * * LOW HITPOINT WARNING * * *
You feel sick. The bat barely misses you. The bat misses you.
* * * LOW HITPOINT WARNING * * *
You feel sick. The bat hits you but does no damage.
* * * LOW HITPOINT WARNING * * *
You feel sick.
You closely miss the bat.
* * * LOW HITPOINT WARNING * * *
You feel sick. The bat barely misses you.
You barely miss the bat. The bat barely misses you. x2
You closely miss the bat.
* * * LOW HITPOINT WARNING * * *
You feel sick. The bat barely misses you.
* * * LOW HITPOINT WARNING * * *
You feel sick. The bat completely misses you.
You barely miss the bat. The bat hits you but does no damage.
You hit the bat.
You kill the bat!
You die...

#<#...#........#
##.............†#
...............#
##.............#########
...............).......#
)........(......)......##
........((...............
.................<.....##
................@..(.....
#.......[)...#...†.....##
#.....))..........)....#
#.......÷.#.##...).....#
.........<#.##...........
..........#.#..........##
........#................
........#..........##....
.................(.. ....


There were no monsters in sight!

Vanquished Creatures
  An orc priest (D:3)
  3 gnolls (D:2)
  5 adders
  3 worms (D:2)
  2 dart slugs (D:2)
  2 leopard geckos
  2 orcs (D:3)
  9 bats
  A giant cockroach (D:2)
  10 goblins
  5 hobgoblins
  2 quokkas
  3 frilled lizards
  8 kobolds
  2 rats
58 creatures vanquished.

Notes
Turn   | Place    | Note
-------+----------+-------------------------------------------
     0 | D:1      | gerrrit the Ogre Gladiator began the quest for the Orb.
     0 | D:1      | Reached XP level 1. HP: 22/22 MP: 1/1
   200 | D:1      | Reached XP level 2. HP: 20/29 MP: 2/2
   599 | D:1      | Reached skill level 3 in Maces & Flails
   613 | D:1      | Gained mutation: You have a pair of small antennae on your head. [potion of mutation]
   613 | D:1      | Gained mutation: Your flesh is heat resistant. (rF+) [potion of mutation]
   613 | D:1      | Gained mutation: You are frail. (-10% HP) [potion of mutation]
   613 | D:1      | Gained mutation: Your flesh is cold resistant. (rC+) [potion of mutation]
  1327 | D:2      | Reached XP level 3. HP: 32/32 MP: 3/3
  1857 | D:2      | Reached XP level 4. HP: 33/40 MP: 4/4
  2575 | D:2      | Reached skill level 1 in Stealth
  3319 | D:3      | Reached XP level 5. HP: 43/47 MP: 5/5
  3336 | D:3      | Reached skill level 4 in Maces & Flails
  3647 | D:3      | HP: 2/47 [poisoned by an adder]
  3652 | D:3      | Succumbed to an adder's poison

Skill      XL: |  1  2  3  4  5 |
---------------+----------------+-----
Dodging        | 3 |  3.4
Maces & Flails | 3 4 |  4.1
Fighting       | 3 |  3.5
Stealth        | 1 |  1.2
Throwing       | |  2.6

Action                   |  1- 3 |  4- 6 || total
-------------------------+-------+-------++-------
Melee: Flail             |   104 |    94 ||   198
Throw: Throwing net      |     7 |       ||     7
       Tomahawk          |    15 |    16 ||    31
  Use: Scroll            |     5 |     1 ||     6
       Potion            |     2 |       ||     2
 Stab: Held in net/web   |     3 |       ||     3
  Eat: Chunk             |     2 |     1 ||     3
       Ration            |       |     2 ||     2
Armor: Robe              |    33 |    37 ||    70
Dodge: Dodged            |    61 |    80 ||   141
